Map: Forteresse de fer EC

Players

AgCl

  • Race: Protoss Protoss

Christhorphr - Winner!

  • Race: Terran Terran

VOD

Have the link to the VOD?

Description

Time

  • Played on: May 12, 2015, 9:33 p.m.
  • Length: 14:03
Show
View Real Time Build Order
Export as new Build Order

AgCl Protoss 

Build Orders: Oracle Opening, Oracle Opening 

Get SALT Encoding   

  12  0:11  Pylon  
  12  0:17  Probe  
  13  0:31  Gateway  
  13  0:34  Probe  
  14  0:46  Probe (Chrono Boost), Assimilator  
  15  0:56  Probe (Chrono Boost)  
  16  1:03  Probe  
  17  1:16  Pylon  
  18  1:19  Zealot (Chrono Boost)  
  18  1:23  Probe  
  20  1:35  Cybernetics Core, Probe  
  21  1:47  Probe (Chrono Boost)  
  21  1:50  Assimilator  
  22  1:59  Probe (Chrono Boost)  
  23  2:05  Probe (Chrono Boost)  
  24  2:17  Probe  
  25  2:25  Stargate  
  24  2:30  Probe  
  25  2:42  Probe (Chrono Boost)  
  24  2:55  Mothership Core (Chrono Boost)  
  24  2:56  Nexus  
  26  3:00  Pylon  
  26  3:01  Warp Gate  
  26  3:08  Oracle (Chrono Boost)  
  26  3:09  Probe  
  30  3:21  Probe  
  31  3:37  Probe (Chrono Boost)  
  32  3:42  Nexus  
  33  3:49  Probe (Chrono Boost)  
  33  3:57  Probe (Chrono Boost)  
  34  4:08  Forge  
  34  4:12  Fleet Beacon  
  34  4:13  Probe  
  36  4:32  Probe (Chrono Boost)  
  36  4:35  Pylon  
  36  4:37  Probe (Chrono Boost)  
  37  4:38  Void Ray (Chrono Boost)  
  37  4:41  Probe (Chrono Boost)  
  42  4:49  Photon Cannon  
  42  4:51  Probe (Chrono Boost)  
  43  4:57  Pylon  
  44  5:00  Probe (Chrono Boost)  
  44  5:02  Probe (Chrono Boost)  
  46  5:07  Carrier (Chrono Boost)  
  46  5:09  Probe (Chrono Boost)  
  46  5:11  Probe (Chrono Boost)  
  46  5:13  Probe (Chrono Boost)  
  48  5:19  Probe  
  48  5:20  Probe x2, Pylon  
  48  5:38  Graviton Catapult (Chrono Boost)  
  54  5:43  Assimilator  
  54  5:45  Probe (Chrono Boost)  
  54  5:46  Assimilator  
  54  5:48  Photon Cannon  
  54  5:49  Probe (Chrono Boost)  
  56  5:52  Protoss Air Weapons Level 1 (Chrono Boost)  
  56  5:54  Probe (Chrono Boost)  
  58  6:01  Probe (Chrono Boost)  
  58  6:02  Probe (Chrono Boost)  
  60  6:05  Assimilator  
  60  6:06  Probe (Chrono Boost)  
  60  6:07  Carrier (Chrono Boost), Photon Cannon  
  60  6:10  Probe  
  61  6:12  Assimilator  
  61  6:13  Probe  
  61  6:14  Probe  
  63  6:20  Pylon  
  63  6:22  Probe  
  63  6:25  Probe  
  65  6:29  Probe  
  72  6:35  Probe (Chrono Boost)  
  72  6:38  Probe (Chrono Boost)  
  74  6:42  Probe (Chrono Boost)  
  77  6:52  Probe (Chrono Boost), Pylon  
  77  6:54  Probe (Chrono Boost)  
  79  6:55  Probe (Chrono Boost)  
  79  7:00  Probe (Chrono Boost)  
  79  7:05  Probe (Chrono Boost)  
  79  7:06  Twilight Council  
  79  7:07  Probe (Chrono Boost)  
  80  7:13  Stargate  
  80  7:15  Adept, Pylon  
  82  7:17  Pylon, Carrier (Chrono Boost)  
  82  7:20  Probe (Chrono Boost)  
  83  7:24  Gateway  
  83  7:27  Pylon  
  83  7:29  Probe (Chrono Boost)  
  85  7:33  Gateway  
  85  7:35  Probe (Chrono Boost)  
  91  7:44  Protoss Air Weapons Level 2  
  91  7:50  Charge  
  91  8:02  Templar Archives  
  91  8:03  Pylon  
  91  8:07  Dark Shrine  
  91  8:09  Carrier (Chrono Boost)  
  91  8:10  Pylon  
  91  8:11  Pylon  
  91  8:12  Protoss Ground Weapons Level 1 (Chrono Boost)  
  91  8:13  Gateway  
  91  8:16  Gateway, Probe  
  92  8:20  Adept  
  94  8:29  Probe  
  94  8:30  Probe x2  
  97  8:40  Pylon  
  103  8:41  Adept x2  
  103  8:42  Adept  
  103  8:44  Probe x2 (Chrono Boost)  
  103  8:48  Probe (Chrono Boost)  
  114  8:56  Psionic Storm  
  114  8:58  Probe x3 (Chrono Boost), Carrier (Chrono Boost)  
  114  8:59  Pylon  
  113  9:18  Pylon, Robotics Facility  
  113  9:19  Pylon  
  119  9:25  Carrier (Chrono Boost)  
  119  9:35  Dark Templar, Pylon  
  121  9:39  Pylon  
  127  9:47  Cybernetics Core, Pylon  
  127  9:50  Robotics Facility  
  127  9:51  Gateway  
  127  9:52  Gateway  
  127  9:55  Gateway  
  127  9:59  Pylon, Carrier (Chrono Boost)  
  125  10:18  Protoss Air Weapons Level 3 (Chrono Boost)  
  123  10:24  Nexus  
  130  10:28  Observer (Chrono Boost)  
  130  10:30  Carrier (Chrono Boost)  
  129  10:48  Protoss Ground Weapons Level 2 (Chrono Boost)  
  136  10:50  Observer (Chrono Boost)  
  136  10:55  Carrier (Chrono Boost)  
  136  11:03  Dark Templar  
  132  11:10  Protoss Air Armor Level 1 (Chrono Boost)  
  138  11:27  Stargate  
  136  11:57  Assimilator  
  136  11:59  Assimilator  
  136  12:00  Pylon  
  136  12:05  Assimilator  
  136  12:09  Pylon x2  
  136  12:11  Pylon  
  136  12:12  Photon Cannon, Assimilator  
  136  12:15  Phoenix  
  136  12:16  Nexus  
  138  12:24  Nexus  
  138  12:28  Pylon  
  138  12:29  Gateway, Carrier (Chrono Boost)  
  138  12:30  Gateway  
  138  12:31  Pylon  
  148  12:52  Void Ray (Chrono Boost)  
  148  12:55  Void Ray (Chrono Boost)  
  149  13:13  Dark Templar x3  
  149  13:14  Dark Templar  
  149  13:15  High Templar x3  
  149  13:19  Dark Templar  
  138  13:25  Archon x2  
  138  13:26  Archon x2  
  138  13:33  Pylon  
  136  13:46  Probe  
  136  13:47  Probe x2  
Show
View Real Time Build Order
Export as new Build Order

Christhorphr Terran - Winner!

Build Orders: Reaper Expand 

Get SALT Encoding   

  12  0:01  SCV  
  13  0:13  SCV  
  14  0:17  Supply Depot  
  14  0:25  SCV  
  15  0:39  SCV  
  15  0:41  Barracks  
  16  0:47  Refinery  
  16  0:51  SCV  
  18  1:04  SCV  
  18  1:16  SCV  
  19  1:28  Orbital Command  
  19  1:30  Reaper  
  20  1:39  Command Center  
  20  1:47  Supply Depot  
  20  1:54  SCV  
  20  1:55  Refinery  
  21  2:02  Marine  
  21  2:06  SCV  
  23  2:12  Factory  
  23  2:24  Bunker, Marine  
  23  2:25  SCV  
  25  2:42  SCV  
  26  2:52  Orbital Command  
  26  2:54  SCV  
  26  2:56  Starport  
  26  2:57  Factory Tech Lab  
  27  3:06  SCV  
  28  3:18  SCV, Cyclone  
  28  3:19  SCV  
  33  3:26  Supply Depot  
  33  3:30  Supply Depot, SCV  
  33  3:31  Refinery  
  35  3:34  SCV  
  35  3:42  SCV  
  35  3:46  SCV  
  35  3:47  Viking  
  39  3:55  SCV  
  40  3:58  SCV  
  35  4:12  SCV  
  35  4:13  SCV  
  35  4:14  Widow Mine  
  36  4:17  Viking  
  35  4:25  SCV  
  35  4:26  SCV  
  37  4:43  SCV x2  
  39  4:46  Command Center  
  39  4:47  Refinery  
  39  4:50  Viking  
  39  4:51  Barracks Reactor  
  41  4:55  SCV x2  
  43  5:07  SCV x2  
  43  5:13  Cyclone  
  48  5:17  Supply Depot  
  48  5:19  SCV x2  
  50  5:23  Factory  
  50  5:31  SCV x2  
  49  5:43  SCV x2  
  49  5:45  Fusion Core  
  49  5:48  Widow Mine  
  53  5:55  SCV x2  
  55  5:58  Factory  
  55  6:02  Factory  
  55  6:05  Orbital Command  
  55  6:07  SCV  
  55  6:08  SCV  
  59  6:19  SCV, Cyclone  
  59  6:20  SCV  
  59  6:21  Factory Tech Lab  
  62  6:29  Viking  
  62  6:32  SCV x2  
  66  6:36  Unknown  
  66  6:39  Orbital Command  
  66  6:44  SCV x2  
  66  6:45  Factory Tech Lab x2  
  68  6:50  Supply Depot x2  
  68  6:56  SCV x2  
  70  7:08  SCV x2  
  72  7:09  Missile Turret  
  72  7:12  SCV  
  73  7:19  Refinery  
  73  7:20  SCV x2, Cyclone, Refinery  
  73  7:21  Missile Turret  
  78  7:29  Cyclone  
  79  7:30  Cyclone x2  
  79  7:32  SCV  
  79  7:33  SCV  
  86  7:39  SCV  
  87  7:44  SCV  
  87  7:45  SCV  
  89  7:53  Cyclone  
  89  7:54  SCV  
  89  7:57  SCV x2  
  95  8:01  Cyclone, Missile Turret  
  95  8:04  Command Center, Missile Turret  
  98  8:09  Supply Depot x2  
  98  8:10  Armory, Supply Depot  
  98  8:12  SCV  
  99  8:14  Armory  
  99  8:21  SCV x2  
  101  8:30  SCV, Cyclone  
  101  8:32  Cyclone x2  
  101  8:33  SCV x2  
  113  8:42  SCV  
  113  8:45  SCV  
  113  8:46  SCV  
  113  8:47  Missile Turret  
  116  8:54  Cyclone  
  116  8:55  SCV  
  120  8:58  SCV x2  
  120  9:02  Supply Depot x2, Cyclone, Terran Vehicle and Ship Weapons Level 1  
  122  9:03  Terran Vehicle And Ship Armor Level 1  
  122  9:04  Supply Depot  
  125  9:15  SCV x2  
  127  9:21  Engineering Bay  
  127  9:25  Supply Depot  
  127  9:26  Supply Depot  
  127  9:28  SCV  
  127  9:29  Factory x2  
  127  9:30  Cyclone, Factory  
  131  9:42  Command Center x2  
  131  9:44  Viking x2  
  135  9:51  Cyclone  
  137  10:10  Missile Turret x2  
  137  10:11  Missile Turret  
  137  10:13  Missile Turret  
  133  10:14  Missile Turret  
  133  10:15  Factory Tech Lab x2  
  133  10:16  Factory Reactor  
  133  10:18  Factory Tech Lab  
  131  10:24  Cyclone  
  131  10:25  Cyclone x2  
  140  10:34  Planetary Fortress  
  140  10:45  Unknown  
  140  11:13  Terran Vehicle And Ship Armor Level 2, Terran Vehicle and Ship Weapons Level 2  
  140  11:14  Missile Turret  
  140  11:15  Missile Turret  
  140  11:16  Missile Turret  
  140  11:18  Missile Turret  
  140  11:20  Missile Turret  
  138  11:32  Planetary Fortress  
  138  11:38  Command Center  
  138  11:39  SCV  
  140  11:40  Command Center, SCV x3  
  140  11:41  Orbital Command  
  142  11:50  Widow Mine x6  
  152  12:01  Refinery, Widow Mine  
  152  12:03  Refinery  
  152  12:04  Viking x2  
  158  12:10  Sensor Tower  
  158  12:18  Widow Mine x2  
  158  12:19  Widow Mine x3  
  158  12:21  Cyclone  
  171  12:30  Cyclone  
  174  12:47  Cyclone  
  174  12:48  Cyclone  
  174  12:49  Command Center  
  180  12:55  Orbital Command x2  
  180  12:59  Cyclone  
  180  13:00  Cyclone x2  
  189  13:23  Cyclone x3  
Tags
 
Add a new tag
Caveats
  • Supply blocks, unpowered buildings, or Contaminate may cause inaccurate times.
  • Supply counts are checked every 10 seconds.